[Event "Team 45 45 League T54"]
[Site "Internet Chess Club"]
[Date "2012.09.21"]
[Round "6"]
[White "TwoEqualsOne"]
[Black "ChessicalZ"]
[Result "1/2-1/2"]
[WhiteElo "1827"]
[BlackElo "1814"]
[Opening "Budapest: Rubinstein variation"]
[ECO "A52"]
[Time "20:00:53"]
[TimeControl "2700+45"]

1. d4 Nf6 2. c4 e5 3. dxe5 Ng4 4. Bf4 Nc6 5. Nf3 Bb4+ 6. Nbd2 Qe7 7. a3 Ngxe5 8.
Nxe5 Nxe5 9. Bxe5 Bxd2+ 10. Qxd2 Qxe5 11. e3 d6 12. Be2 Bf5 13. O-O O-O-O 14.
Bf3 Be4 15. Bxe4 Qxe4 16. Qd4 Qxd4 17. exd4 Rhe8 18. Rfe1 f5 19. f3 Kd7 20. d5
g5 21. Kf2 b6 22. h3 h5 23. a4 a5 24. g3 h4 25. gxh4 {Game drawn by mutual
agreement} 1/2-1/2

[Event "Team 45 45 League T54"]
[Site "Internet Chess Club"]
[Date "2012.09.22"]
[Round "6"]
[White "BraafPaard"]
[Black "Helaman"]
[Result "0-1"]
[WhiteElo "1511"]
[BlackElo "1730"]
[Opening "KGA: bishop's gambit, Jaenisch variation"]
[ECO "C33"]
[Time "13:10:24"]
[TimeControl "2700+45"]

1. e4 e5 2. f4 exf4 3. Bc4 Nf6 4. Nc3 c6 5. e5 d5 6. exf6 dxc4 7. Qe2+ Be6 8.
fxg7 Bxg7 9. Nf3 Nd7 10. d3 cxd3 11. Qxd3 Qb6 12. Bxf4 Qxb2 13. O-O Qxc3 {White
resigns} 0-1

[Event "Team 45 45 League T54"]
[Site "Internet Chess Club"]
[Date "2012.09.25"]
[Round "6"]
[White "MII231487"]
[Black "FourKnights"]
[Result "1-0"]
[WhiteElo "1934"]
[BlackElo "1778"]
[Opening "Polish (Sokolsky) opening"]
[ECO "A00"]
[Time "11:37:33"]
[TimeControl "2700+45"]

1. b4 d5 2. Bb2 Nf6 3. Nf3 e6 4. a3 Bd6 5. e3 Nbd7 6. c4 c6 7. c5 Be7 8. Bd3 b6
9. cxb6 axb6 10. O-O Ba6 11. Bxa6 Rxa6 12. Nd4 Qc7 13. Qc2 c5 14. b5 Ra5 15. a4
Nb8 16. d3 Bd6 17. Nf3 Nbd7 18. Nbd2 O-O 19. e4 Ne5 20. Rfe1 dxe4 21. Nxe5 Bxe5
22. Bxe5 Qxe5 23. Nc4 exd3 24. Rxe5 dxc2 25. Nxa5 bxa5 26. Rxc5 {Black resigns}
1-0

[Event "Team 45 45 League T54"]
[Site "Internet Chess Club"]
[Date "2012.09.23"]
[Round "6"]
[White "pishd"]
[Black "ramirozp"]
[Result "1-0"]
[WhiteElo "1736"]
[BlackElo "1799"]
[Opening "Queen's pawn game"]
[ECO "D02"]
[Time "12:37:38"]
[TimeControl "2700+45"]

1. d4 d5 2. Nf3 c6 3. c3 Nf6 4. Bf4 Bf5 5. e3 Qb6 6. Qb3 e6 7. Nbd2 Nbd7 8. Be2
Be7 9. O-O O-O 10. Nh4 Ne4 11. Nxf5 Nxd2 12. Nxe7+ Kh8 13. Qxb6 axb6 14. Rfd1
{Black resigns} 1-0

[Event "Team 45 45 League T54"]
[Site "Internet Chess Club"]
[Date "2012.09.25"]
[Round "6"]
[White "timothysmall56"]
[Black "kllrchris"]
[Result "1/2-1/2"]
[WhiteElo "1719"]
[BlackElo "1666"]
[Opening "Sicilian: Canal-Sokolsky attack, 3...Bd7"]
[ECO "B52"]
[Time "21:00:08"]
[TimeControl "2700+45"]

1. e4 c5 2. Nf3 d6 3. Bb5+ Bd7 4. Bxd7+ Qxd7 5. O-O Nf6 6. e5 dxe5 7. Nxe5 Qd6
8. Re1 Nc6 9. Nxc6 Qxc6 10. Nc3 e6 11. d3 Rd8 12. Bg5 Be7 13. Ne4 Nxe4 14. Bxe7
Kxe7 15. Rxe4 Qxe4 16. dxe4 Rxd1+ 17. Rxd1 Rd8 18. Rxd8 Kxd8 19. e5 b5 20. Kf1
Kd7 21. Ke2 Kc6 22. Ke3 Kd5 23. f4 {Game drawn by mutual agreement} 1/2-1/2

[Event "Team 45 45 League T54"]
[Site "Internet Chess Club"]
[Date "2012.09.25"]
[Round "6"]
[White "koni"]
[Black "carokantor"]
[Result "1/2-1/2"]
[WhiteElo "1975"]
[BlackElo "2065"]
[Opening "Caro-Kann: closed (Breyer) variation"]
[ECO "B10"]
[Time "01:01:05"]
[TimeControl "2700+45"]

1. e4 c6 2. d3 d5 3. Nd2 e5 4. Ngf3 Bd6 5. g3 Nf6 6. Bg2 O-O 7. O-O dxe4 8. dxe4
b5 9. c3 Nbd7 10. Qc2 Qc7 11. Re1 Bb7 12. Nh4 g6 13. a4 a6 14. b3 Rfd8 15. Bb2
Rac8 16. c4 Bb4 17. Bc3 Bxc3 18. Qxc3 Nc5 19. Bf1 Rxd2 20. Qxd2 Nxb3 21. Qg5
Nxa1 22. Qxf6 Nc2 23. Rd1 Nd4 24. Nf3 Nxf3+ 25. Qxf3 bxa4 26. Qf6 c5 27. Bh3 Rf8
28. Rd7 Qc6 29. Qxc6 Bxc6 30. Rc7 Bxe4 31. Rxc5 Rd8 32. f3 Bxf3 33. Rxe5 Rd2 34.
Ra5 Ra2 35. Rxa6 Be2 36. Ra8+ Kg7 37. c5 Bf3 38. Ra7 Bd5 39. Bd7 Rc2 40. c6 Bxc6
41. Bxc6 Rxc6 42. Rxa4 Rc2 43. Rb4 h5 44. h4 Kf6 45. Rf4+ Ke6 46. Re4+ Kd6 47.
Rf4 f5 48. Ra4 Ke5 49. Ra6 Ke4 50. Rxg6 Kf3 51. Rg5 Rg2+ 52. Kh1 Rb2 53. Kg1
Rg2+ 54. Kh1 Rb2 55. Kg1 Rg2+ {Game drawn by repetition} 1/2-1/2

[Event "Team 45 45 League T54"]
[Site "Internet Chess Club"]
[Date "2012.09.22"]
[Round "6"]
[White "Tobiasdelmonte"]
[Black "kabindra"]
[Result "1-0"]
[WhiteElo "1748"]
[BlackElo "1703"]
[Opening "Evans gambit: compromised defense"]
[ECO "C52"]
[Time "14:32:05"]
[TimeControl "2700+45"]

1. e4 e5 2. Nf3 Nc6 3. Bc4 Bc5 4. b4 Bxb4 5. c3 Ba5 6. d4 exd4 7. O-O dxc3 8.
Qb3 Qf6 9. Bg5 Qg6 10. Na3 Nf6 11. e5 Ne4 12. Be3 O-O 13. Bd3 Nd2 14. Bxg6 Nxb3
15. Bxh7+ Kxh7 16. axb3 Bb6 17. Bf4 Nd4 18. Nxd4 Bxd4 19. Nb5 Bb6 20. Rac1 a6
21. Nxc3 f6 22. Nd5 fxe5 23. Bxe5 Rf5 24. Bxc7 Bxc7 25. Nxc7 Rb8 26. Rfe1 Rf8
27. Red1 b5 28. Rd6 a5 29. Rc5 a4 30. b4 a3 31. Rd3 a2 32. Ra3 Rf4 33. Rxa2 Rxb4
34. f3 d6 35. Rh5+ Kg6 36. Rh8 Rc4 37. Nd5 b4 38. Rb2 b3 39. Ne7+ Kf7 40. Nxc8
Rc1+ 41. Kf2 Rc2+ 42. Ke3 Ke6 43. Rb1 b2 44. Re8+ Kd7 45. Nxd6 Rb3+ 46. Kf4 Rc1
47. Re1 Rxe1 48. Rxe1 b1=Q 49. Rxb1 Rxb1 50. Nf5 g6 51. Nh4 Rb2 52. Kg5 Ke6 53.
Kxg6 Ke5 54. Kg5 Ke6 55. f4 Kf7 56. h3 Rb3 57. Nf5 Rb5 58. g4 Rb8 59. Kh5 Rb4
60. Kg5 Rb8 61. h4 Rg8+ 62. Kh5 Rh8+ 63. Nh6+ Kg7 64. g5 Rf8 65. Kg4 Ra8 66.
Nf5+ Kf7 67. h5 Ra1 68. g6+ Kf6 69. Ng3 Ra4 70. Nf5 Ra1 71. Ne3 Rg1+ 72. Kf3 Rh1
73. Kg4 Rg1+ 74. Kf3 Rh1 75. Ng4+ Kf5 76. g7 {Black resigns} 1-0

[Event "Team 45 45 League T54"]
[Site "Internet Chess Club"]
[Date "2012.09.21"]
[Round "6"]
[White "John3v16"]
[Black "cityprosecutor"]
[Result "1-0"]
[WhiteElo "1712"]
[BlackElo "1786"]
[Opening "English: symmetrical variation"]
[ECO "A37"]
[Time "23:13:04"]
[TimeControl "2700+45"]

1. c4 c5 2. Nc3 g6 3. g3 Bg7 4. Bg2 Nc6 5. Nf3 Nh6 6. e4 d6 7. d3 O-O 8. O-O Ng4
9. h3 Nge5 10. Nxe5 dxe5 11. Be3 b6 12. a3 Bb7 13. Rb1 Nd4 14. b4 cxb4 15. axb4
e6 16. Ne2 Qc7 17. f4 f5 18. fxe5 Nxe2+ 19. Qxe2 Bxe5 20. Bf4 Bxf4 21. gxf4 fxe4
22. Bxe4 Rae8 23. Rbe1 Bc8 24. Qe3 Qd7 25. b5 Kg7 26. Bc6 Qe7 27. Qe5+ Rf6 28.
Bxe8 Qxe8 29. Qa1 Qd8 30. Qxa7+ Rf7 31. Qa1+ Kg8 32. d4 Qh4 33. Qc3 Rxf4 34.
Rxf4 Qxf4 35. Qe3 Qh4 36. Rf1 e5 37. Qxe5 Qxh3 38. Qe8+ Kg7 39. Qf8# {Black
checkmated} 1-0

[Event "Team 45 45 League T54"]
[Site "Internet Chess Club"]
[Date "2012.09.24"]
[Round "6"]
[White "vigneshv"]
[Black "subterfuge"]
[Result "1-0"]
[WhiteElo "1659"]
[BlackElo "1739"]
[Opening "Nimzo-Indian: 4.e3, Gligoric system with 7...dc"]
[ECO "E54"]
[Time "19:00:13"]
[TimeControl "2700+45"]

1. d4 Nf6 2. c4 e6 3. Nc3 Bb4 4. e3 c5 5. Bd3 O-O 6. Nf3 d5 7. O-O dxc4 8. Bxc4
Qc7 9. Nb5 Qe7 10. a3 Ba5 11. Qe2 a6 12. Nc3 b5 13. Bd3 Bb7 14. Bd2 c4 15. Bc2
Bc7 16. e4 Nbd7 17. e5 Nd5 18. Nxd5 Bxd5 19. Be4 Nb6 20. Ba5 Rfd8 21. Bd2 Rd7
22. Ng5 h6 23. Qh5 Bxe4 24. Nxe4 Kf8 25. Bb4 Bd6 26. Bxd6 Rxd6 27. Nxd6 Nd5 28.
Qf3 g5 29. Nf5 Qb7 30. Nxh6 f5 31. exf6 Qh7 32. Qh5 Nxf6 33. Qxg5 Ke7 34. Ng4
Rf8 35. Nxf6 Rxf6 36. Qc5+ Kd8 37. Qd6+ Ke8 38. Qb8+ {Black resigns} 1-0

[Event "Team 45 45 League T54"]
[Site "Internet Chess Club"]
[Date "2012.09.26"]
[Round "6"]
[White "Innes"]
[Black "Tamarin"]
[Result "1-0"]
[WhiteElo "1664"]
[BlackElo "1812"]
[Opening "Caro-Kann: advance variation"]
[ECO "B12"]
[Time "18:30:27"]
[TimeControl "2700+45"]

1. e4 c6 2. d4 d5 3. e5 Bf5 4. Nf3 e6 5. Be2 c5 6. Be3 Qb6 7. Nc3 Qxb2 8. Qb1
Qxb1+ 9. Rxb1 b6 10. Kd2 Nd7 11. Nh4 Bg6 12. Nxg6 hxg6 13. h3 cxd4 14. Bxd4 Bc5
15. Bxc5 Nxc5 16. Nb5 Ne4+ 17. Ke3 Kd7 18. Bf3 Nc5 19. c4 Ne7 20. Rhd1 Kc6 21.
Nd4+ Kb7 22. cxd5 exd5 23. Nb5 Nf5+ 24. Ke2 Rad8 25. Bxd5+ Kb8 26. Bxf7 Rhf8 27.
Rxd8+ Rxd8 28. Bxg6 Nh4 29. Bf7 Nxg2 30. Kf3 Nh4+ 31. Kg4 g5 32. Nd6 Nb7 33.
Nxb7 Kxb7 34. Kxg5 Nf3+ 35. Kf6 Nd4 36. e6 Rd6 37. Ke5 Kc7 38. Rc1+ Nc6+ 39. Kf6
Kd8 40. h4 Ne7 41. h5 Rd5 42. h6 Rf5+ 43. Kg7 Rxf2 44. Rd1+ Kc8 45. h7 Rg2+ 46.
Kf8 Rh2 47. Kxe7 Rxh7 48. Kf8 Rh8+ 49. Bg8 Rh2 50. e7 Rf2+ 51. Bf7 {Black
resigns} 1-0

[Event "Team 45 45 League T54"]
[Site "Internet Chess Club"]
[Date "2012.09.22"]
[Round "6"]
[White "badmove"]
[Black "Packerfan"]
[Result "0-1"]
[WhiteElo "1773"]
[BlackElo "1847"]
[Opening "Budapest: Fajarowicz variation"]
[ECO "A51"]
[Time "16:32:24"]
[TimeControl "2700+45"]

1. d4 Nf6 2. c4 e5 3. dxe5 Ne4 4. a3 d6 5. Nf3 Nc6 6. Qc2 Bf5 7. Nc3 Ng3 8. e4
Bxe4 9. Nxe4 Nxh1 10. Bg5 Be7 11. Bd3 Bxg5 12. Nexg5 Nxe5 13. Qe2 Nxf2 14. Kxf2
Qe7 15. Nxe5 dxe5 16. Nf3 f6 17. Re1 O-O-O 18. Qe3 Kb8 19. Be4 g6 20. Qb3 c6 21.
Kf1 Qc7 22. Rd1 Rxd1+ 23. Qxd1 Rd8 24. Qc2 f5 25. Bxf5 gxf5 26. Qxf5 Re8 27. Qe4
Rf8 28. Ke2 Rf4 29. Qc2 Qg7 30. Kf1 e4 31. Qd2 Qf8 {White resigns} 0-1

[Event "Team 45 45 League T54"]
[Site "Internet Chess Club"]
[Date "2012.09.25"]
[Round "6"]
[White "moomaster"]
[Black "clarinetref"]
[Result "1-0"]
[WhiteElo "1796"]
[BlackElo "1672"]
[Opening "Sicilian: Scheveningen (Paulsen), classical variation"]
[ECO "B84"]
[Time "21:03:29"]
[TimeControl "2700+45"]

1. e4 c5 2. Nf3 d6 3. d4 cxd4 4. Nxd4 Nf6 5. Nc3 a6 6. Be2 e6 7. O-O Nc6 8. Be3
Be7 9. Qd2 Qc7 10. Rad1 Nxd4 11. Qxd4 O-O 12. Qd3 e5 13. Bg5 Be6 14. Bxf6 Bxf6
15. Qxd6 Qxd6 16. Rxd6 Be7 17. Rdd1 b5 18. Nd5 Bxd5 19. Rxd5 f6 20. c4 bxc4 21.
Bxc4 Kh8 22. Rfd1 a5 23. h3 Rfd8 24. Kf1 Rxd5 25. Rxd5 h6 26. Ke2 Bd8 27. a4 Bb6
28. h4 Rd8 29. Rb5 Bd4 30. Rxa5 Bxb2 31. Rb5 Bc3 32. h5 Kh7 33. a5 Bd4 34. Rb7
Rc8 35. Bf7 Rc2+ 36. Kd3 Rc3+ 37. Kd2 Rc8 38. a6 Rd8 39. Ke2 Ra8 40. Kd3 Rxa6
41. Bg6+ {Black resigns} 1-0

[Event "Team 45 45 League T54"]
[Site "Internet Chess Club"]
[Date "2012.09.21"]
[Round "6"]
[White "JustinL"]
[Black "Pason"]
[Result "0-1"]
[WhiteElo "1818"]
[BlackElo "2053"]
[Opening "French: Winawer (Nimzovich) variation"]
[ECO "C15"]
[Time "10:30:40"]
[TimeControl "2700+45"]

1. e4 e6 2. d4 d5 3. Nc3 Bb4 4. a3 Bxc3+ 5. bxc3 dxe4 6. Qg4 Nf6 7. Qxg7 Rg8 8.
Qh6 c5 9. dxc5 Rg6 10. Qe3 Bd7 11. g3 Ba4 12. Ra2 Nc6 13. Rb2 Qd7 14. Ne2 O-O-O
15. Bd2 Ng4 16. Nd4 Nxe3 17. Bxe3 e5 {White resigns} 0-1

[Event "Team 45 45 League T54"]
[Site "Internet Chess Club"]
[Date "2012.09.22"]
[Round "6"]
[White "KingOfKings"]
[Black "LittleButton"]
[Result "1-0"]
[WhiteElo "1583"]
[BlackElo "1761"]
[Opening "Sicilian: dragon, Yugoslav attack, 10.O-O-O"]
[ECO "B78"]
[Time "05:02:00"]
[TimeControl "2700+45"]

1. e4 c5 2. Nf3 d6 3. d4 cxd4 4. Nxd4 Nf6 5. Nc3 g6 6. Bc4 Bg7 7. f3 Nc6 8. Be3
Bd7 9. Qd2 O-O 10. O-O-O Rb8 11. g4 Ne5 12. Bb3 b5 13. h4 Nc4 14. Bxc4 bxc4 15.
Nde2 Qc7 16. Bd4 Qb7 17. Nb1 Rfc8 18. Bc3 Rc6 19. Na3 Be6 20. Nd4 Rb6 21. Nxe6
Rxb2 22. Qd4 Rb1+ 23. Nxb1 Qxb1+ 24. Kd2 Nxe4+ 25. Qxe4 Bxc3+ 26. Ke2 Qxa2 27.
Ng5 Qa4 28. h5 Bf6 29. hxg6 Bxg5 30. gxf7+ Kxf7 31. Rxh7+ Ke8 32. Rh8+ Kd7 33.
Rxb8 Bf6 34. Rdb1 {Black resigns} 1-0

[Event "Team 45 45 League T54"]
[Site "Internet Chess Club"]
[Date "2012.09.22"]
[Round "6"]
[White "bayoumicardio10"]
[Black "fireball"]
[Result "0-1"]
[WhiteElo "1602"]
[BlackElo "1678"]
[Opening "French: Steinitz variation"]
[ECO "C11"]
[Time "17:04:43"]
[TimeControl "2700+45"]

1. e4 e6 2. d4 d5 3. Nc3 Nf6 4. e5 Ne4 5. Bd3 Nxc3 6. bxc3 c5 7. Nf3 Nc6 8. O-O
Be7 9. Re1 h6 10. Be3 g5 11. dxc5 g4 12. Nd4 Nxe5 13. Bxh6 Nxd3 14. cxd3 Rxh6
15. Qxg4 Rg6 16. Qh3 Bf6 17. Qh5 Bxd4 18. cxd4 Qg5 19. Qf3 Rf6 20. Qe2 Rf4 21.
Qb2 Qe7 22. g3 Rg4 23. a4 Qc7 24. f3 Rg8 25. Qd2 Bd7 26. Re5 O-O-O 27. a5 a6 28.
Ree1 Rde8 29. f4 Qd8 30. Rab1 Bb5 31. Rb4 Qxa5 32. Reb1 Qd8 33. Qb2 Qc7 34. Kf2
Rh8 35. Kf3 Rh3 36. Kg2 Reh8 37. Kg1 Rg8 38. Rxb5 axb5 39. Qxb5 Qc6 40. Qa5 Qa6
41. Qc3 Rgh8 42. Rb6 Qa2 43. Rb2 Qa1+ {White resigns} 0-1

[Event "Team 45 45 League T54"]
[Site "Internet Chess Club"]
[Date "2012.09.24"]
[Round "6"]
[White "monkeyshark"]
[Black "b-spot"]
[Result "1/2-1/2"]
[WhiteElo "1490"]
[BlackElo "1590"]
[Opening "Giuoco Piano"]
[ECO "C54"]
[Time "20:00:25"]
[TimeControl "2700+45"]

1. e4 e5 2. Nf3 Nc6 3. Bc4 Bc5 4. c3 Nf6 5. d4 exd4 6. cxd4 Bb4+ 7. Bd2 Bxd2+ 8.
Nbxd2 d5 9. exd5 Nxd5 10. Qe2+ Be6 11. O-O O-O 12. Rfe1 Nf4 13. Qe4 Bxc4 14.
Nxc4 Nd5 15. a3 Nf6 {Game drawn by mutual agreement} 1/2-1/2

[Event "Team 45 45 League T54"]
[Site "Internet Chess Club"]
[Date "2012.09.30"]
[Round "6"]
[White "Greedy-Reedy"]
[Black "mmf00"]
[Result "0-1"]
[WhiteElo "1944"]
[BlackElo "2082"]
[Opening "English: Neo-Catalan accepted"]
[ECO "A13"]
[Time "13:04:19"]
[TimeControl "2700+45"]

1. Nf3 Nf6 2. c4 e6 3. g3 d5 4. Bg2 dxc4 5. Qa4+ Nbd7 6. Qxc4 Rb8 7. d4 b5 8.
Qc2 Bb7 9. Bf4 Bd6 10. O-O Bxf4 11. gxf4 Be4 12. Qd1 a6 13. Nbd2 Bb7 14. Rc1 O-O
15. Nb3 Nd5 16. e3 Rc8 17. Na5 Ba8 18. Nc6 Bxc6 19. Rxc6 Nb4 20. Rc3 c5 21. a3
Nd5 22. Rc2 c4 23. Ne5 f6 24. Qg4 fxe5 25. Qxe6+ Kh8 26. Qxd5 exf4 27. Bh3 Nb6
28. Qxd8 Rcxd8 29. Rd2 fxe3 30. fxe3 Rfe8 31. Rf3 Nd5 32. Kf2 Nf6 33. Bf5 Rd6
34. h3 g6 35. Bb1 Kg7 36. Rf4 Nd5 37. Re4 Rf6+ 38. Ke2 Ref8 39. Kd1 c3 40. Re2
cxb2 41. Kc2 Rf1 42. Re5 Rc8+ 43. Kxb2 Rxb1+ 44. Kxb1 Nc3+ 45. Kb2 Nxe2 46. Re7+
Kf6 47. Rxh7 Re8 48. Ra7 Rxe3 49. Rxa6+ Re6 50. Ra5 Nxd4 51. Kc3 Rd6 52. Ra8 Kg5
53. Ra5 Kh4 54. a4 bxa4 55. Rxa4 Kxh3 56. Rxd4 Rxd4 57. Kxd4 g5 58. Ke3 g4 59.
Kf2 Kh2 60. Kf1 g3 61. Ke2 g2 {White resigns} 0-1

[Event "Team 45 45 League T54"]
[Site "Internet Chess Club"]
[Date "2012.09.22"]
[Round "6"]
[White "zigzag2002"]
[Black "zap2"]
[Result "1/2-1/2"]
[WhiteElo "1938"]
[BlackElo "1750"]
[Opening "Caro-Kann: exchange, Rubinstein variation"]
[ECO "B13"]
[Time "09:04:46"]
[TimeControl "2700+45"]

1. e4 c6 2. d4 d5 3. exd5 cxd5 4. Bd3 Nc6 5. c3 Nf6 6. Bf4 Bg4 7. Nf3 e6 8. Nbd2
Bd6 9. Bxd6 Qxd6 10. Qb3 Bxf3 11. Nxf3 O-O 12. O-O-O a6 13. Rde1 Rfc8 14. Kb1 b5
15. Ne5 Na5 16. Qc2 Nc4 17. g4 Qc7 18. g5 Nxe5 19. Rxe5 Nd7 20. Re3 g6 21. h4 e5
22. dxe5 Nxe5 23. h5 Nxd3 24. Qxd3 Qc4 25. hxg6 fxg6 26. Qxc4 dxc4 27. Re7 Re8
28. Rexh7 Re1+ 29. Rxe1 Kxh7 30. Kc2 Rf8 31. Re2 Rf5 32. Kd2 Rxg5 33. Ke3 Re5+
34. Kf3 Rxe2 35. Kxe2 Kg7 36. Ke3 Kf6 37. Ke4 g5 38. f3 Ke6 39. f4 g4 40. f5+
Kf6 41. Kf4 g3 42. Kxg3 Kxf5 43. Kf3 a5 44. a3 {Game drawn by mutual agreement}
1/2-1/2

[Event "Team 45 45 League T54"]
[Site "Internet Chess Club"]
[Date "2012.09.21"]
[Round "6"]
[White "jantonio"]
[Black "Nikhil03"]
[Result "0-1"]
[WhiteElo "1495"]
[BlackElo "1668"]
[Opening "Réti opening"]
[ECO "A04"]
[Time "20:00:47"]
[TimeControl "2700+45"]

1. Nf3 c5 2. g3 Nf6 3. Bg2 Nc6 4. O-O e6 5. d3 d5 6. Nbd2 Bd6 7. c4 O-O 8. cxd5
exd5 9. e3 Bf5 10. d4 c4 11. Nb1 Nb4 12. Ne1 Ne4 13. Nc3 Nxc3 14. bxc3 Nd3 15.
Bxd5 Nxe1 16. e4 Bg6 17. Rxe1 b5 18. Bxa8 Qxa8 19. Qg4 f5 20. exf5 Bxf5 21. Qe2
Bh3 22. f4 b4 23. Qxc4+ Kh8 24. Re2 g5 25. Bd2 gxf4 26. Bxf4 Bxf4 27. d5 Qb8 28.
Rae1 Bxg3 29. Qd4+ Kg8 30. Re7 Bxh2+ 31. Kh1 Qg3 32. Rg7+ Qxg7 33. Qxg7+ Kxg7
34. Kxh2 Bf5 35. Rg1+ Bg6 36. cxb4 Rd8 37. Rd1 Kf6 38. Kg3 Ke5 39. Re1+ Be4 40.
Rc1 Rd7 41. Rc5 Bxd5 42. a4 Kd6 43. Kf4 Rb7 44. Ra5 Rxb4+ 45. Kg5 Rb7 46. Kf6
Rf7+ 47. Kg5 Rg7+ 48. Kf6 Rg6+ 49. Kf5 Be6+ 50. Kf4 Rg4+ 51. Ke3 Rg7 52. Kd4 Rc7
53. Ra6+ Ke7 54. Ra5 Rd7+ 55. Ke5 Rd5+ 56. Rxd5 Bxd5 57. Kxd5 Kd7 58. Kc5 Kc7
59. Kb5 h5 {White resigns} 0-1

[Event "Team 45 45 League T54"]
[Site "Internet Chess Club"]
[Date "2012.09.24"]
[Round "6"]
[White "juniorVishy"]
[Black "ScotchYeti"]
[Result "1-0"]
[WhiteElo "1853"]
[BlackElo "1656"]
[Opening "Benkö gambit: Zaitsev system"]
[ECO "A58"]
[Time "16:00:28"]
[TimeControl "2700+45"]

1. d4 Nf6 2. c4 c5 3. d5 b5 4. cxb5 a6 5. Nc3 axb5 6. Nxb5 Ba6 7. Nc3 g6 8. Nf3
Bg7 9. h3 O-O 10. e4 Bxf1 11. Kxf1 d6 12. Kg1 Nbd7 13. Qc2 Ra6 14. Kh2 Qa8 15.
Be3 Rb8 16. Rhb1 e6 17. dxe6 fxe6 18. Ng5 d5 19. exd5 exd5 20. Bf4 Rc8 21. Rd1
d4 22. Rxd4 cxd4 23. Qb3+ Kh8 24. Nf7+ Kg8 25. Nh6+ Kh8 26. Qg8+ Nxg8 27. Nf7#
{Black checkmated} 1-0

[Event "Team 45 45 League T54"]
[Site "Internet Chess Club"]
[Date "2012.09.21"]
[Round "6"]
[White "Moondog"]
[Black "Sir-Sinister"]
[Result "0-1"]
[WhiteElo "1753"]
[BlackElo "2023"]
[Opening "Queen's pawn: Lundin (Kevitz-Mikenas) defense"]
[ECO "A40"]
[Time "20:20:27"]
[TimeControl "2700+45"]

1. d4 Nc6 2. d5 Ne5 3. f4 Ng6 4. e4 e6 5. c4 Bc5 6. Nf3 Nf6 7. Nc3 Ng4 8. Nd4 e5
9. fxe5 N4xe5 10. Be3 d6 11. Be2 Ng4 12. Bxg4 Qh4+ 13. g3 Qxg4 14. Qxg4 Bxg4 15.
O-O O-O 16. Rae1 Ne5 17. Kg2 Nxc4 18. Nf5 Nxe3+ 19. Nxe3 Bd7 20. Nf5 g6 21. Ne3
Rae8 22. Nc4 b5 23. Na5 b4 24. Nd1 Bb5 25. Rf3 f5 26. Nb3 Bb6 {White resigns}
0-1

[Event "Team 45 45 League T54"]
[Site "Internet Chess Club"]
[Date "2012.09.22"]
[Round "6"]
[White "MeoPatacca"]
[Black "Constrictor"]
[Result "1/2-1/2"]
[WhiteElo "1858"]
[BlackElo "1750"]
[Opening "Queen's pawn"]
[ECO "A40"]
[Time "10:00:49"]
[TimeControl "2700+45"]

1. d4 c6 2. Nf3 d5 3. Bf4 Nf6 4. e3 Bf5 5. c4 e6 6. Qb3 Qb6 7. Nc3 Qxb3 8. axb3
Bb4 9. Nd2 Nbd7 10. Be2 Ne4 11. Ndxe4 Bxe4 12. O-O Bc2 13. Bd1 Bxd1 14. Rfxd1
Nf6 15. h3 Kd7 16. f3 Nh5 17. Bh2 Bd6 18. Bxd6 Kxd6 19. c5+ Kd7 20. Ra4 Nf6 21.
Rda1 a6 22. b4 Rhe8 23. b5 e5 24. Kf2 exd4 25. exd4 Rab8 26. bxa6 bxa6 27. Nd1
Rb3 28. Rxa6 Reb8 29. R1a3 R3b4 30. R6a4 Ne8 31. Ke3 Nc7 32. Kd3 Ne6 33. Kc3
R4b7 34. Ra7 Nf4 35. Ne3 Ne2+ 36. Kd3 Nf4+ 37. Kd2 Ke6 38. Rxb7 Rxb7 39. b3 Kd7
40. h4 h5 41. g3 Ne6 42. Kc3 g6 43. Nc2 f5 44. Nb4 Nc7 45. Ra4 Nb5+ 46. Kd3 Nc7
47. Kc3 Nb5+ 48. Kd3 Nc7 49. Kc3 {Game drawn by repetition} 1/2-1/2

[Event "Team 45 45 League T54"]
[Site "Internet Chess Club"]
[Date "2012.09.25"]
[Round "6"]
[White "ghostfire"]
[Black "ChessChamp"]
[Result "0-1"]
[WhiteElo "1747"]
[BlackElo "1743"]
[Opening "Benkö gambit accepted"]
[ECO "A58"]
[Time "19:59:03"]
[TimeControl "2700+45"]

1. d4 Nf6 2. c4 c5 3. d5 b5 4. cxb5 a6 5. bxa6 g6 6. Nc3 Bxa6 7. g3 Bg7 8. Bg2
d6 9. Nf3 O-O 10. O-O Nbd7 11. Re1 Qa5 12. e4 Rfb8 13. e5 Ng4 14. exd6 exd6 15.
Re7 Nde5 16. Nxe5 Nxe5 17. Ne4 Nd3 18. Nxd6 Qd8 19. Re8+ Qxe8 20. Nxe8 Rxe8 21.
Bd2 Nxb2 22. Qc2 Nc4 23. Bc3 Na3 24. Qc1 Bxc3 25. Qxc3 Nc4 26. Bf1 Re4 27. Bxc4
Rxc4 28. Qe5 Rd4 29. d6 Rd8 30. Qxc5 R4xd6 31. a4 Bb7 32. f4 Rd2 33. Rb1 Rg2+
34. Kf1 Rxh2 35. Qb6 Rb8 36. Ke1 Re8+ 37. Kd1 Bf3+ 38. Kc1 Rc8+ {White resigns}
0-1

[Event "Team 45 45 League T54"]
[Site "Internet Chess Club"]
[Date "2012.09.22"]
[Round "6"]
[White "Gilguli"]
[Black "Egmont"]
[Result "0-1"]
[WhiteElo "1431"]
[BlackElo "1776"]
[Opening "QGD Slav: exchange variation"]
[ECO "D13"]
[Time "10:01:07"]
[TimeControl "2700+45"]

1. d4 d5 2. Nf3 Nf6 3. c4 c6 4. cxd5 cxd5 5. Nc3 e6 6. e3 a6 7. Bd3 Nc6 8. O-O
Bd6 9. a3 O-O 10. b4 Bd7 11. Bb2 Rc8 12. Na4 Na7 13. Nc5 Bxc5 14. bxc5 Bb5 15.
Bxb5 Nxb5 16. a4 Na7 17. Qb3 Qe7 18. Rfb1 Nc6 19. Ba3 Rb8 20. Ne5 Nxe5 21. dxe5
Ne4 22. c6 Nc5 23. Qc2 b6 24. a5 Rfc8 25. Rxb6 Rxb6 26. Bxc5 Rbxc6 27. Bxe7 Rxc2
28. f4 Rc1+ 29. Rxc1 Rxc1+ 30. Kf2 Ra1 31. Bd8 Kf8 32. Ke2 Ke8 33. Bb6 Kd7 34.
Kd3 Ra2 35. g4 Rxh2 36. Kd4 Rc2 37. Bc5 Kc6 38. Bb6 Rg2 39. g5 h6 40. gxh6 gxh6
41. Bc5 h5 42. Be7 {White resigns} 0-1

[Event "Team 45 45 League T54"]
[Site "Internet Chess Club"]
[Date "2012.09.20"]
[Round "6"]
[White "primerpaso"]
[Black "bshribharath"]
[Result "1-0"]
[WhiteElo "1960"]
[BlackElo "1902"]
[Opening "English: Bremen, Smyslov system"]
[ECO "A22"]
[Time "20:05:58"]
[TimeControl "2700+45"]

1. c4 e5 2. Nc3 Nf6 3. g3 Bb4 4. Bg2 O-O 5. e4 Bxc3 6. bxc3 d6 7. Ne2 b6 8. O-O
Nc6 9. d3 Bd7 10. f4 Bg4 11. fxe5 dxe5 12. Bg5 Qd6 13. Bxf6 gxf6 14. h3 Bxe2 15.
Qxe2 Rad8 16. Rad1 Qe7 17. h4 Rd6 18. Rf5 Rfd8 19. Bh3 Qf8 20. Kh2 Qg7 21. Rf3
Nb8 22. Qe3 Na6 23. d4 Nc5 24. Rf5 Ne6 25. d5 Nf8 26. c5 {Black resigns} 1-0

[Event "Team 45 45 League T54"]
[Site "Internet Chess Club"]
[Date "2012.09.23"]
[Round "6"]
[White "Beetlejuice"]
[Black "FlyingTiger"]
[Result "1-0"]
[WhiteElo "1778"]
[BlackElo "1726"]
[Opening "Grünfeld: 5.Bg5"]
[ECO "D91"]
[Time "09:01:53"]
[TimeControl "2700+45"]

1. d4 Nf6 2. c4 g6 3. Nc3 d5 4. Nf3 Bg7 5. Bg5 Ne4 6. Bh4 Nxc3 7. bxc3 dxc4 8.
Qa4+ Qd7 9. Qxc4 b6 10. Bg3 c6 11. Ne5 Qd5 12. e3 Be6 13. Qxd5 cxd5 14. Bb5+ Bd7
15. Nxd7 Nxd7 16. Bc6 Rc8 17. Bxd5 Rxc3 18. Kd2 Rc8 19. Rhc1 O-O 20. Bb7 Rxc1
21. Rxc1 e6 22. Rc7 Rd8 23. Bd6 Bf8 24. Bxf8 Kxf8 25. Kc3 Nf6 26. f3 Nd5+ 27.
Bxd5 Rxd5 28. Rxa7 e5 29. Kc4 Rd6 30. d5 h5 31. Rc7 b5+ 32. Kxb5 Rxd5+ 33. Rc5
Rd2 34. a4 Rxg2 35. a5 Rxh2 36. a6 Rb2+ 37. Kc6 Ra2 38. Kb6 h4 39. a7 h3 40.
Rc8+ Kg7 41. a8=Q Rxa8 42. Rxa8 f5 43. Kc6 g5 44. Kd5 g4 45. fxg4 fxg4 46. Ke4
h2 47. Ra1 g3 48. Kf3 {Black resigns} 1-0